 Dungeon Crawl Stone Soup version 0.31-a0-981-geadf994542 (webtiles) character file.

Game seed: 4984686170869115777

1376 Whiskey the Mimic (level 8, -5/54 HPs)
             Began as an Octopode Shapeshifter on Nov 2, 2023.
             Was an Initiate of Gozag.
             Killed by nerve-wracking pain
             ... invoked by Grinder
              (8 damage)
             ... while paralysed by Grinder
             ... on level 6 of the Dungeon.
             The game lasted 00:09:40 (5484 turns).

Whiskey the Mimic (Octopode Shapeshifter)           Turns: 5484, Time: 00:09:41

Health: -5/54      AC: -3    Str: 13    XL:     8   Next: 66%
Magic:  0/17       EV:  2    Int: 20    God:    Gozag
Gold:   345        SH:  0    Dex: 12    Spells: 7/7 levels left

rFire   . . .        d - +0 dagger
rCold   . . .        (no shield)
rNeg    . . .        (helmet currently unavailable)
rPois   +            B - amulet of guardian spirit {Spirit}
rElec   .            q - ring of poison resistance {rPois, !d}
rCorr   .            z - +6 ring of intelligence
SInv    .            A - ring of magical power {MP+9}
Will    .....        (no ring)
Stlth   ++++         (no ring)
HPRegen 0.29/turn    (no ring)
MPRegen 0.15/turn    (no ring)
                     (no ring)

%: guardian spirit
@: paralysed, beast-form, corroded, gold aura, hasted
A: beast (slay +4), almost no armour, amphibious, 8 rings, camouflage 1,
gelatinous body 1, (nimble swimmer 1), tentacles
a: Begin Untransformation, Renounce Religion, Potion Petition, Call Merchant,
Bribe Branch


You were on level 6 of the Dungeon.
You worshipped Gozag.
Gozag was aware of your devotion.
You were a hulking beast.
You visited 2 branches of the dungeon, and saw 7 of its levels.

You collected 390 gold pieces.
You paid 45 gold pieces to Gozag.

Inventory:

Hand Weapons
 d - a +0 dagger (weapon)
   (You took it off a kobold on level 1 of the Dungeon)
 o - a +2 hand axe of venom
   (You took it off an orc on level 3 of the Dungeon)
 p - a +2 flail of protection
   (You took it off an orc on level 3 of the Dungeon)
Missiles
 h - 9 poisoned darts (quivered)
Magical Staves
 D - a staff of air {rElec}
   (You found it on level 5 of the Dungeon)
Jewellery
 f - a ring of fire {rF+, rC-}
   (You found it on level 1 of the Dungeon)
 q - a ring of poison resistance (left tentacle) {rPois, !d}
   (You found it on level 3 of the Dungeon)
 z - a +6 ring of intelligence (right tentacle)
   (You found it on level 4 of the Dungeon)
 A - a ring of magical power (on tentacle) {MP+9}
   (You found it on level 4 of the Dungeon)
 B - an amulet of guardian spirit (around mantle) {Spirit}
   (You found it on level 5 of the Dungeon)
Talismans
 a - a serpent talisman
   (You found it on level 3 of the Dungeon)
 b - a beast talisman
 c - a flux talisman
Scrolls
 e - a scroll of amnesia {unknown}
 g - 2 scrolls of enchant weapon {unknown}
 n - 2 scrolls of revelation {unknown}
 r - 4 scrolls of identify {unknown}
 s - 2 scrolls of poison {unknown}
 w - a scroll of immolation {unknown}
 y - a scroll of noise {unknown}
 C - 2 scrolls of blinking {unknown}
 F - a scroll of fear {unknown}
Potions
 i - 2 potions of might {unknown}
 j - 3 potions of haste
 k - 5 potions of curing {unknown}
 l - 2 potions of magic {unknown}
 m - 2 potions of mutation {unknown}
 t - a potion of attraction {unknown}
 u - a potion of resistance {unknown}
 v - a potion of enlightenment {unknown}
 x - a potion of degeneration {unknown}
 E - a potion of brilliance {unknown}


   Skills:
 - Level 4.0 Fighting
 - Level 2.0 Dodging
 - Level 5.0 Stealth
 - Level 3.0 Unarmed Combat
 * Level 8.6 Shapeshifting


You had 7 spell levels left.
You didn't know any spells.
Your spell library contained the following spells:

 Spells                   Type           Power      Damage    Failure   Level
 Cigotuvi's Dreadful Rot  Necr/Pois/Air  0%         N/A       28%         2
 Ignite Poison            Fire/Tmut/Pois 0%         N/A       50%         3
 Leda's Liquefaction      Hex/Erth       0%         N/A       88%         4
 Freezing Cloud           Conj/Ice/Air   0%         6-21      99%         5
 Lee's Rapid Deconstruct  Erth           0%         3d4*      99%         5
 Bombard                  Conj/Erth      0%         9d1       100%        6


Dungeon Overview and Level Annotations

Branches:
Dungeon (6/15)             Temple (1/1) D:4

Altars:
Dithmenos
Elyvilon
Fedhas
Gozag
Hepliaklqana
Kikubaaqudgha
Makhleb
Okawaru
Ru
Trog
Vehumet
Wu Jian
Xom
The Shining One

Annotations:
D:6 Grinder


Innate Abilities, Weirdness & Mutations

You are a hulking beast.
Your limbs bulge with bestial killing power. (Slay +4)
You cannot wear most types of armour.
You are amphibious.
You can wear up to eight rings at the same time.
Your skin changes colour to match your surroundings (Stealth+).
Your rubbery body absorbs attacks. (AC +1, EV +1)
((You are camouflaged when in or above water. (Stealth+)))
You have tentacles for arms and can constrict up to eight enemies at once.


Message History

Health restored: 54; MP restored: 17
F - a scroll labelled WAWNEI GULAYTE The helpless hound fails to defend itself.
You puncture the hound! Your grab misses the hound. You squeeze the hound.
You kill the hound!
No target in view!
No target in view!
No target in view!
No target in view!
No target in view!
No target in view!
No target in view!
No target in view!
No target in view!
No target in view!
No target in view!
No target in view!
No target in view!
No target in view!
No target in view!
No target in view!
You now have 345 gold pieces (gained 4).
An orc wizard comes into view.
It is wielding a +0 dagger of protection.
The orc wizard shouts!
You hear a shout!
An orc comes into view. It is wielding a +0 dagger.
The orc wizard points at you and mumbles some strange words.
The puff of flame hits you!
You take 6 damage, and have 48/54 hp.
You now have 15/17 mp.
A jelly comes into view.
The jelly quivers.
You closely miss the orc wizard. You grab the orc wizard.
Your squeeze misses the orc wizard.
You constrict the orc wizard, but do no damage.
The orc wizard closely misses you.
You hit the orc wizard. You squeeze the orc wizard.
You constrict the orc wizard, but do no damage.
The orc wizard casts a spell.
The orc wizard flickers and vanishes!
Deactivating autopickup; reactivate with Ctrl-A.
You barely miss something. Your squeeze misses something.
You constrict something. Something hits you.
You hit something but do no damage.
Your tentacle-slap misses something.
You constrict something. Something hits you.
You release your grip on something.
Grinder comes into view.
The jelly hits you. The acid corrodes you!
You are splashed with acid!
You barely miss the jelly.
Grinder shouts!
You squeeze the jelly! The jelly barely misses you. Something hits you.
You hit the jelly.
Your tentacles burn!
You hear some strange, mumbled words.
A magic dart appears from out of thin air!
The magic dart hits you! The jelly hits you.
You are splashed with acid!
You are too injured to fight recklessly!
You take 26 damage, and have 23/54 hp.
MASSIVE DAMAGE!!
You now have 8/17 mp.
You are too injured to fight recklessly!
You are too injured to fight recklessly!
You are too injured to fight recklessly!
You are too injured to fight recklessly!
You are too injured to fight recklessly!
You are too injured to fight recklessly!
You are too injured to fight recklessly!
You are too injured to fight recklessly!
You are too injured to fight recklessly!
You are too injured to fight recklessly!
You are too injured to fight recklessly!
You hear some strange, mumbled words.
You are confused.
The jelly attacks as it pursues you! The jelly hits you.
You are splashed with acid.
You take 6 damage, and have 17/54 hp.
You now have 7/17 mp.
Something hits you.
* * * LOW HITPOINT WARNING * * *
The jelly hits you.
* * * LOW HITPOINT WARNING * * *
You are splashed with acid!
* * * LOW HITPOINT WARNING * * *
Grinder blinks!
You take 7 damage, and have 10/54 hp.
You now have 4/17 mp.
The jelly attacks as it pursues you! The jelly hits you.
* * * LOW HITPOINT WARNING * * *
You are splashed with acid.
* * * LOW HITPOINT WARNING * * *
You take 5 damage, and have 5/54 hp.
You now have 3/17 mp.
You hit the jelly.
Your tentacles burn!
* * * LOW HITPOINT WARNING * * *
You squeeze the jelly.
You kill the jelly!
You take 1 damage, and have 4/54 hp.
It was a potion of haste.
You feel yourself speed up. Grinder gestures at you.
You suddenly lose the ability to move!
Something hits you.
* * * LOW HITPOINT WARNING * * *
You feel less confused. Grinder gestures at you. Pain shoots through your body!
You die...
Grinder says, "Now the real fun starts!"
Your body crumbles into a pile of gold.

... #.. . ##.## #.
... #
##.#####ยง##.# .#
#....#.#.##.##.#
#...........# ##
#.#..#o...### ..
##.h.5..#
#.####.#....####..
#....#.###.#......
#.#.##.........
#......##.#...#
..#.####.##...# .
#.#.##.......... #
###......##.#.#####
.# #.
...####.##...#


You could see Grinder and an orc.

Vanquished Creatures
  Sigmund (D:2)
  A water moccasin (D:5)
  A black bear (D:4)
  An ogre (D:5)
  A bullfrog (D:6)
  5 scorpions
  3 jellies
  3 hounds
  An orc priest (D:4)
  Jessica (D:2)
  5 iguanas
  2 orc wizards
  6 adders
  A shadow imp (D:5)
  2 ufetubi (D:5)
  A worm (D:2)
  2 dart slugs (D:4)
  13 orcs
  12 ball pythons
  7 endoplasms
  5 giant cockroaches
  4 goblins
  5 hobgoblins
  3 jackals (D:5)
  2 quokkas
  6 bats
  3 frilled lizards
  4 kobolds
  5 rats (D:1)
106 creatures vanquished.

Notes
Turn   | Place    | Note
-------+----------+-------------------------------------------
     0 | D:1      | Whiskey the Octopode Shapeshifter began the quest for the
                  | Orb.
     0 | D:1      | Reached XP level 1. HP: 13/13 MP: 1/1
    62 | D:1      | Reached XP level 2. HP: 18/18 MP: 2/2
   379 | D:1      | Reached skill level 1 in Stealth
   379 | D:1      | Reached XP level 3. HP: 14/24 MP: 3/3
   688 | D:2      | Noticed Jessica
   694 | D:2      | Killed Jessica
   695 | D:2      | Reached skill level 2 in Fighting
   695 | D:2      | Reached XP level 4. HP: 27/29 MP: 4/4
   742 | D:2      | Reached skill level 2 in Stealth
   742 | D:2      | Reached skill level 4 in Shapeshifting
   915 | D:2      | Noticed Sigmund
   936 | D:2      | Killed Sigmund
   937 | D:2      | Reached skill level 3 in Fighting
   937 | D:2      | Reached skill level 3 in Stealth
   937 | D:2      | Reached XP level 5. HP: 30/36 MP: 5/5
   937 | D:2      | Reached XP level 6. HP: 35/42 MP: 6/6
  1290 | D:3      | Reached skill level 5 in Shapeshifting
  1307 | D:3      | Reached skill level 4 in Stealth
  1563 | D:3      | Found a glowing golden altar of the Shining One.
  1618 | D:3      | HP: 15/63 [poisoned by a scorpion]
  1623 | D:3      | HP: 9/63 [poisoned by a scorpion]
  2388 | D:3      | Reached XP level 7. HP: 44/46 MP: 7/7
  2748 | D:4      | Found an ancient bone altar of Kikubaaqudgha.
  2842 | D:4      | Found a staircase to the Ecumenical Temple.
  2870 | D:4      | HP: 7/46 [acid (7)]
  2900 | D:4      | HP: 3/46 [acid (9)]
  3229 | D:4      | Reached skill level 5 in Stealth
  3441 | Temple   | Entered the Ecumenical Temple
  3468 | Temple   | Became a worshipper of Gozag Ym Sagoz the Greedy
  3505 | D:4      | HP: 8/47 [orc priest/nerve-wracking pain (7)]
  3510 | D:4      | Reached skill level 4 in Fighting
  3510 | D:4      | Reached skill level 6 in Shapeshifting
  3510 | D:4      | HP: 6/48 [orc/+0 hand axe (2)]
  4174 | D:5      | Entered Level 5 of the Dungeon
  4208 | D:5      | Reached skill level 7 in Shapeshifting
  4208 | D:5      | Reached XP level 8. HP: 19/54 MP: 8/8
  4208 | D:5      | HP: 13/54 [ufetubus (2)]
  4210 | D:5      | HP: 6/54 [poisoned by a scorpion]
  4215 | D:5      | HP: 3/54 [poisoned by a scorpion]
  4633 | D:5      | HP: 7/54 [ogre/+0 giant club (33)]
  5052 | D:5      | Found a faded altar of an unknown god.
  5054 | D:5      | Found a faded altar of an unknown god.
  5054 | D:5      | Found a hazy altar of Hepliaklqana.
  5060 | D:5      | Reached skill level 8 in Shapeshifting
  5475 | D:6      | Noticed Grinder
  5479 | D:6      | HP: 10/54 [acid (5)]
  5481 | D:6      | HP: 4/54 [acid (1)]
  5482 | D:6      | Paralysed by Grinder for 5 turns
  5484 | D:6      | Killed from afar by Grinder

Illustrated notes

Levels and vault maps discovered:
D:1:      dpeg_arrival_connections, layout_rooms
D:2:      layout_rooms, minmay_misc_feat_more_columns, uniq_sigmund,
          uniq_jessica
D:3:      layout_basic, tso_altar, minmay_misc_feat_pillars
D:4:      layout_cave_pods, mainiacjoe_overflow_cross_hatched,
          minmay_temple_entry_grid
D:5:      layout_basic, nicolae_hepliaklqana_ecumenical_no_more
D:6:      layout_loops_cross, yredelemnul_forgotten_temple_becter,
          marbit_many_paths, serial_shops, nicolae_lakefront_shop,
          nicolae_letterblocks [nicolae_letter_subblock,
          nicolae_letter_subblock, nicolae_letter_subblock,
          nicolae_letter_subblock, nicolae_letter_subblock,
          nicolae_letter_subblock, nicolae_letter_subblock,
          nicolae_letter_subblock, nicolae_letter_subblock,
          nicolae_letter_subblock, nicolae_letter_subblock,
          nicolae_letter_subblock, nicolae_letter_subblock,
          nicolae_letter_subblock, nicolae_letter_subblock,
          nicolae_letter_subblock, nicolae_letter_subblock,
          nicolae_letter_subblock, nicolae_letter_subblock,
          nicolae_letter_subblock, nicolae_letter_subblock,
          nicolae_letter_subblock, nicolae_letter_subblock,
          nicolae_letter_subblock, nicolae_letter_subblock], uniq_edmund,
          uniq_grinder, uniq_crazy_yiuf_cottage
Temple:   grunt_temple_mini_profane

Skill      XL: |  1  2  3  4  5  6  7  8 |
---------------+-------------------------+-----
Stealth        | 1 3 4 5 |  5.0
Fighting       | 2 3 4 |  4.0
Shapeshifting  | 4 5 7 8 |  8.6
Dodging        | |  2.0
Unarmed Combat | |  3.0

Action                     |  1- 3 |  4- 6 |  7- 9 || total
---------------------------+-------+-------+-------++-------
  Melee: Unarmed           |    17 |       |       ||    17
         Constrict         |    16 |    16 |    23 ||    55
         Tentacles         |    10 |    20 |    31 ||    61
         Dagger            |    41 |    90 |   115 ||   246
         Punch             |     1 |     2 |     3 ||     6
    Use: Potion            |       |     1 |     1 ||     2
   Stab: Sleeping          |     5 |    10 |     6 ||    21
 Armour: Skin              |    29 |    36 |    85 ||   150
  Dodge: Dodged            |    45 |    48 |    90 ||   183

Table legend: (Time is in decaauts)
 A = Elapsed time spent in this place.
 B = Non-inter-level travel time spent in this place.
 C = Inter-level travel time spent in this place.
 D = Time resting spent in this place.
 E = Time spent auto-exploring this place.
 F = Levels seen in this place.
 G = Mean time per level.
                   A        B        C        D        E       F      G
               +--------+--------+--------+--------+--------+-----+--------+
         Total |   5481 |   5340 |    141 |   1049 |   3449 |   7 |  783.0 |
       Dungeon |   5430 |   5337 |     93 |   1049 |   3449 |   6 |  905.0 |
        Temple |     50 |      2 |     48 |      0 |      0 |   1 |   50.0 |
               +--------+--------+--------+--------+--------+-----+--------+

Top non-repeatable levels by time:
     D:3: 1535 daAuts
     D:4: 1382 daAuts
     D:5: 1194 daAuts
     D:2: 606 daAuts
     D:1: 595 daAuts
     D:6: 114 daAuts
  Temple: 50 daAuts

Levels and vault maps discovered:
D:1:      dpeg_arrival_connections, layout_rooms
D:2:      layout_rooms, minmay_misc_feat_more_columns, uniq_sigmund,
          uniq_jessica
D:3:      layout_basic, tso_altar, minmay_misc_feat_pillars
D:4:      layout_cave_pods, mainiacjoe_overflow_cross_hatched,
          minmay_temple_entry_grid
D:5:      layout_basic, nicolae_hepliaklqana_ecumenical_no_more
D:6:      layout_loops_cross, yredelemnul_forgotten_temple_becter,
          marbit_many_paths, serial_shops, nicolae_lakefront_shop,
          nicolae_letterblocks [nicolae_letter_subblock,
          nicolae_letter_subblock, nicolae_letter_subblock,
          nicolae_letter_subblock, nicolae_letter_subblock,
          nicolae_letter_subblock, nicolae_letter_subblock,
          nicolae_letter_subblock, nicolae_letter_subblock,
          nicolae_letter_subblock, nicolae_letter_subblock,
          nicolae_letter_subblock, nicolae_letter_subblock,
          nicolae_letter_subblock, nicolae_letter_subblock,
          nicolae_letter_subblock, nicolae_letter_subblock,
          nicolae_letter_subblock, nicolae_letter_subblock,
          nicolae_letter_subblock, nicolae_letter_subblock,
          nicolae_letter_subblock, nicolae_letter_subblock,
          nicolae_letter_subblock, nicolae_letter_subblock], uniq_edmund,
          uniq_grinder, uniq_crazy_yiuf_cottage
Temple:   grunt_temple_mini_profane

Table legend: (Time is in decaauts)
 A = Elapsed time spent in this place.
 B = Non-inter-level travel time spent in this place.
 C = Inter-level travel time spent in this place.
 D = Time resting spent in this place.
 E = Time spent auto-exploring this place.
 F = Levels seen in this place.
 G = Mean time per level.
                   A        B        C        D        E       F      G
               +--------+--------+--------+--------+--------+-----+--------+
         Total |   5481 |   5340 |    141 |   1049 |   3449 |   7 |  783.0 |
       Dungeon |   5430 |   5337 |     93 |   1049 |   3449 |   6 |  905.0 |
        Temple |     50 |      2 |     48 |      0 |      0 |   1 |   50.0 |
               +--------+--------+--------+--------+--------+-----+--------+

Top non-repeatable levels by time:
     D:3: 1535 daAuts
     D:4: 1382 daAuts
     D:5: 1194 daAuts
     D:2: 606 daAuts
     D:1: 595 daAuts
     D:6: 114 daAuts
  Temple: 50 daAuts

Table legend:
 A = Kills in this place as a percentage of kills in the entire game.
 B = Kills by you in this place as a percentage of kills by you in the entire game.
 C = Kills by friends in this place as a percentage of kills by friends in the entire game.
 D = Other kills in this place as a percentage of other kills in the entire game.
 E = Experience gained in this place as a percentage of experience gained in the entire game.
 F = Experience gained in this place divided by the number of levels of this place that you have seen.
                   A       B       C       D       E      F
               +-------+-------+-------+-------+-------+----------------------
         Total | 100.0 | 100.0 |   N/A |   N/A | 100.0 | 280.9
       Dungeon | 100.0 | 100.0 |   N/A |   N/A | 100.0 | 327.7
               +-------+-------+-------+-------+-------+----------------------
